 Dungeon Crawl Stone Soup version 0.19-a0-283-g61a59a3 (webtiles) character file.

142 shinino the Chopper (level 5, -1/47 HPs)
             Began as a Minotaur Berserker on May 26, 2016.
             Was a Believer of Trog.
             Slain by an iguana (11 damage)
             ... on level 4 of the Dungeon.
             The game lasted 00:06:06 (2276 turns).

shinino the Chopper (Minotaur Berserker)            Turns: 2276, Time: 00:06:07

Health: -1/47      AC:  5    Str: 21    XL:     5   Next: 4%
Magic:  4/4        EV: 11    Int:  4    God:    Trog [**....]
Gold:   185        SH:  0    Dex: 11    Spells: 0 memorised, 4 levels left

rFire  . . .     SeeInvis .     b - -3 hand axe (curse)
rCold  . . .     Gourm    .     h - +0 ring mail
rNeg   . . .     Faith    .     (no shield)
rPois  .         Spirit   .     (helmet restricted)
rElec  .         Dismiss  .     (no cloak)
rCorr  .         Reflect  .     (no gloves)
SustAt .         Harm     .     (no boots)
MR     ++...                    (no amulet)
Stlth  +.........               (no ring)
                                (no ring)

@: regenerating, very resistant to hostile enchantments, very unstealthy
A: retaliatory headbutt, horns 2
a: Berserk, Trog's Hand, Burn Spellbooks, Renounce Religion


You were on level 4 of the Dungeon.
You worshipped Trog.
Trog was pleased with you.
You were not hungry.

You visited 1 branch of the dungeon, and saw 4 of its levels.

You collected 185 gold pieces.

Inventory:

Hand Weapons
 b - a cursed -3 hand axe (weapon)
Armour
 h - a +0 ring mail (worn)
Wands
 o - a wand of iceblast (5/15)
Scrolls
 a - a scroll of enchant weapon {unknown}
 c - a scroll of remove curse {unknown}
 e - 2 scrolls of immolation {unknown}
 f - a scroll of magic mapping {unknown}
 g - 4 scrolls of identify {unknown}
 j - a scroll of teleportation {unknown}
 l - 2 scrolls of blinking {unknown}
 n - a scroll of fog {unknown}
 q - a scroll of amnesia {unknown}
Potions
 d - a potion of brilliance {unknown}
 i - a potion of heal wounds {unknown}
 k - 2 potions of flight {unknown}
Comestibles
 m - 3 bread rations
 p - a beef jerky
 r - 4 fruits


   Skills:
 + Level 4.7 Fighting
 * Level 5.4 Axes
 + Level 3.9 Armour
 - Level 2.1 Dodging


You had 4 spell levels left.
You didn't know any spells.

Dungeon Overview and Level Annotations

Branches:
Dungeon (4/15)
 Temple: D:4-7

Altars:
Cheibriados
Kikubaaqudgha
Nemelex Xobeh
Pakellas
Ru
Vehumet
Yredelemnul
The Shining One


Innate Abilities, Weirdness & Mutations

You reflexively headbutt those who attack you in melee.
You have a pair of horns on your head.


Message History

You hit the iguana.
The iguana is heavily wounded.
The iguana bites you!
You are too injured to fight recklessly!
You are too injured to fight recklessly!
You are too injured to fight recklessly!
You closely miss the iguana.
The iguana is heavily wounded.
The iguana bites you!
* * * LOW HITPOINT WARNING * * *
The iguana bites you.
* * * LOW HITPOINT WARNING * * *
Found a stone staircase leading down.
Drink which item? (? for menu, Esc to quit)
Okay, then.
There is a stone staircase leading down here.
Your skin crawls.
You feel resistant to hostile enchantments.
You feel somewhat more hungry. The iguana bites you!
You die...

### ... #.######
#.#....# #.#@# .#
#.#l# .# #.#l# .#
# #.#.##.# # #.
#.#....# #.
#.###.###..# #.#
#.....##..##...
..###...........#
#.#.#...##...?....


You could see an iguana and a giant gecko.

Vanquished Creatures
  3 gnolls (D:2)
  4 adders (D:3)
  3 worms
  5 giant geckos
  4 giant cockroaches
  5 goblins
  6 hobgoblins
  12 jackals (D:2)
  3 quokkas (D:2)
  2 ball pythons
  4 bats
  3 giant newts
  5 kobolds
  4 rats
63 creatures vanquished.

Notes
Turn   | Place    | Note
--------------------------------------------------------------
     0 | D:1      | shinino the Minotaur Berserker began the quest for the Orb.
     0 | D:1      | Reached XP level 1. HP: 19/19 MP: 0/0
   458 | D:1      | Reached XP level 2. HP: 27/27 MP: 1/1
   494 | D:1      | Reached skill level 4 in Axes
   730 | D:2      | Reached ** piety under Trog
   791 | D:2      | Reached XP level 3. HP: 15/33 MP: 2/2
  1263 | D:2      | Found a snail-covered altar of Cheibriados.
  1266 | D:2      | Found a radiant altar of Vehumet.
  1267 | D:2      | Found a basalt altar of Yredelemnul.
  1267 | D:2      | Found a sacrificial altar of Ru.
  1267 | D:2      | Found an oddly glowing altar of Pakellas.
  1267 | D:2      | Found an ancient bone altar of Kikubaaqudgha.
  1267 | D:2      | Found a sparkling altar of Nemelex Xobeh.
  1426 | D:2      | Reached XP level 4. HP: 27/41 MP: 3/3
  1764 | D:3      | Reached skill level 5 in Axes
  2002 | D:3      | Found a glowing golden altar of the Shining One.
  2101 | D:3      | Reached XP level 5. HP: 33/47 MP: 4/4
  2276 | D:4      | Slain by an iguana

Vault maps used:
D:1:      dpeg_arrival_radiant, hangedman_decor_push
D:2:      minitemple, first_bread
D:3:      nicolae_tso_swordbearing_angel
D:4:      minmay_ogre_servants, uniq_grinder

Skill      XL: |  1  2  3  4 |
---------------+-------------+-----
Axes           | 4 5 |  5.4
Armour         | 3 |  3.9
Fighting       | 4 |  4.7
Dodging        | |  2.1

Action                   |  1- 3 |  4- 6 || total
-------------------------+-------+-------++-------
Melee: Hand axe          |    79 |    68 ||   147
       Headbutt          |    13 |    16 ||    29
Invok: Trog's Hand       |     3 |     1 ||     4
       Berserk           |     1 |       ||     1
       Burn Spellbooks   |       |     1 ||     1
  Eat: Bread ration      |     1 |       ||     1
       Meat ration       |       |     1 ||     1
Armor: Animal skin       |     3 |       ||     3
       Ring mail         |    57 |    21 ||    78
Dodge: Dodged            |    74 |    41 ||   115
